[ AOE2 MATCH · #461942028 ]
UnrankedTeutons vs Persians
[ REPLAY ANALYSIS · EXTRACTED FROM THE RECORDED GAME ]
Feudal
10:09
Castle
14:38
Imperial
29:39
| APM avg | 35.6 |
| APM peak | 78 |
| eAPM avg | 25.7 |
| Villagers / military | 186 / 309 |
Focus
⚔️ 33.7% · 🌾 66.3%
Spearman ×207 · Scorpion ×48 · Teutonic Knight ×41 · Bombard Cannon ×8 · Trade Cart ×6 · Trebuchet (Packed) ×5
Feudal
10:20
Castle
14:15
Imperial
36:05
| APM avg | 31.8 |
| APM peak | 64 |
| eAPM avg | 21.0 |
| Villagers / military | 176 / 253 |
Focus
⚔️ 34.8% · 🌾 65.2%
Hand Cannoneer ×95 · Scout Cavalry ×73 · Camel Scout ×56 · Knight ×29
Feudal
11:46
Castle
15:17
Imperial
28:37
| APM avg | 30.4 |
| APM peak | 69 |
| eAPM avg | 18.0 |
| Villagers / military | 187 / 403 |
Focus
⚔️ 29.8% · 🌾 70.2%
Elephant Archer ×258 · Skirmisher ×95 · Hand Cannoneer ×45 · Trade Cart ×8 · Bombard Cannon ×3 · Trebuchet (Packed) ×2
Feudal
10:58
Castle
14:28
Imperial
30:35
| APM avg | 64.7 |
| APM peak | 126 |
| eAPM avg | 42.8 |
| Villagers / military | 186 / 288 |
Focus
⚔️ 67.5% · 🌾 32.5%
Camel Archer ×274 · Bombard Cannon ×14
Feudal
9:41
Castle
18:11
Imperial
24:16
| APM avg | 43.1 |
| APM peak | 102 |
| eAPM avg | 23.5 |
| Villagers / military | 141 / 276 |
Focus
⚔️ 29.1% · 🌾 70.9%
Kamayuk ×252 · Battering Ram ×20 · Trebuchet (Packed) ×3 · Mangonel ×1
Feudal
—
Castle
—
Imperial
—
| APM avg | 53.3 |
| APM peak | 105 |
| eAPM avg | 34.4 |
| Villagers / military | 147 / 494 |
Focus
⚔️ 45.0% · 🌾 55.0%
Spearman ×450 · Battering Ram ×18 · Trebuchet (Packed) ×15 · Mangonel ×9 · Trade Cart ×6 · Monk ×2
Feudal
10:57
Castle
14:38
Imperial
29:03
| APM avg | 23.6 |
| APM peak | 65 |
| eAPM avg | 18.7 |
| Villagers / military | 223 / 29 |
Focus
⚔️ 28.5% · 🌾 71.5%
Unknown (2586) ×33 · Unknown (2562) ×18 · Spearman ×17 · Trebuchet (Packed) ×6 · Monk ×3 · Mangonel ×3
Feudal
10:57
Castle
14:59
Imperial
29:43
| APM avg | 39.4 |
| APM peak | 96 |
| eAPM avg | 22.7 |
| Villagers / military | 174 / 246 |
Focus
⚔️ 20.8% · 🌾 79.2%
Knight ×199 · Battering Ram ×41 · Trade Cart ×30 · Mangonel ×3 · Trebuchet (Packed) ×2 · Monk ×1
Match map
Initial resources + every placement click. Lines = walls · curves = elevation contours. ◆ gold · ⬟ stone · ● berries · ✦ relic · ◌ wall gap
Your base· Open — unwalled flank
billy bad beat's base· Open — unwalled flank
Ps0Fa's base· Open — unwalled flank
[o.p.]Oliver_Khan's base· Open — unwalled flank
[o.p.]Rage_Boy's base· Open — unwalled flank
vedousa's base· Open — unwalled flank
Eugenius's base· Open — unwalled flank
YYY___YYY's base· Open — unwalled flank
Smoothed initial terrain · ◌ = detected wall gap · hover for details
Inputs per minute
— Paxihs - - billy bad beat
Build order — Paxihs
First 150 of 593 actions detected
| 0:00 | Create | Villager (Male) ×4 |
| 0:02 | Build | House |
| 0:03 | Build | House |
| 1:26 | Create | Villager (Male) |
| 1:59 | Create | Villager (Male) |
| 1:59 | Create | Villager (Male) |
| 2:03 | Build | Lumber Camp |
| 2:17 | Create | Villager (Male) |
| 2:47 | Research | Loom |
| 2:48 | Create | Villager (Male) |
| 3:10 | Create | Villager (Male) |
| 3:43 | Create | Villager (Male) |
| 3:49 | Build | House |
| 3:50 | Build | House |
| 3:52 | Build | House |
| 4:08 | Create | Villager (Male) |
| 4:13 | Create | Villager (Male) |
| 4:48 | Build | Mill |
| 4:57 | Create | Villager (Male) |
| 4:58 | Create | Villager (Male) |
| 4:58 | Create | Villager (Male) |
| 5:35 | Create | Villager (Male) |
| 6:43 | Build | Farm |
| 6:44 | Create | Villager (Male) |
| 6:44 | Create | Villager (Male) |
| 6:49 | Build | Farm |
| 7:19 | Create | Villager (Male) |
| 7:39 | Build | Mining Camp |
| 7:57 | Research | Feudal Age |
| 8:46 | Build | Farm |
| 8:50 | Create | Villager (Male) |
| 8:50 | Create | Villager (Male) |
| 9:02 | Build | Mill |
| 9:28 | Build | Farm |
| 10:09 | Age | Feudal Age |
| 10:14 | Build | Market |
| 10:18 | Build | Farm |
| 10:33 | Build | Blacksmith |
| 11:06 | Create | Villager (Male) |
| 11:58 | Research | Castle Age |
| 11:59 | Research | Castle Age |
| 12:47 | Research | Double-Bit Axe |
| 12:56 | Research | Horse Collar |
| 13:47 | Build | Lumber Camp |
| 14:11 | Create | Villager (Male) |
| 14:11 | Create | Villager (Male) |
| 14:34 | Create | Villager (Male) |
| 14:35 | Create | Villager (Male) |
| 14:38 | Age | Castle Age |
| 14:46 | Build | Town Center |
| 15:12 | Build | Town Center |
| 15:29 | Create | Villager (Male) |
| 15:39 | Create | Villager (Male) |
| 16:16 | Create | Villager (Male) |
| 16:16 | Create | Villager (Male) |
| 16:18 | Create | Villager (Male) |
| 16:18 | Create | Villager (Male) |
| 16:44 | Create | Villager (Male) |
| 16:45 | Create | Villager (Male) |
| 16:47 | Build | Farm |
| 16:52 | Build | Town Center |
| 16:56 | Research | Wheelbarrow |
| 16:56 | Research | Town Watch |
| 17:03 | Build | Farm |
| 17:04 | Build | Farm |
| 17:09 | Build | Farm |
| 17:14 | Build | Farm |
| 17:23 | Build | Farm |
| 17:30 | Build | Farm |
| 17:31 | Create | Villager (Male) |
| 17:33 | Build | Farm |
| 17:38 | Build | Farm |
| 17:40 | Research | Loom |
| 17:43 | Build | Farm |
| 17:48 | Create | Villager (Male) |
| 17:57 | Build | Farm |
| 18:00 | Build | Farm |
| 18:09 | Build | Farm |
| 18:10 | Build | Farm |
| 18:10 | Create | Villager (Male) |
| 18:14 | Build | Farm |
| 18:15 | Build | Farm |
| 18:22 | Create | Villager (Male) |
| 18:27 | Build | Farm |
| 18:28 | Build | Farm |
| 18:32 | Build | Farm |
| 18:32 | Create | Villager (Male) |
| 18:38 | Create | Villager (Male) |
| 18:45 | Create | Villager (Male) |
| 18:49 | Build | Farm |
| 18:50 | Build | Farm |
| 18:52 | Build | Farm |
| 18:54 | Build | Farm |
| 18:55 | Build | Farm |
| 18:56 | Build | Farm |
| 18:58 | Build | Farm |
| 18:58 | Create | Villager (Male) |
| 19:03 | Build | Farm |
| 19:08 | Create | Villager (Male) |
| 19:15 | Create | Villager (Male) |
| 19:17 | Build | House |
| 19:18 | Build | House |
| 19:22 | Build | House |
| 19:26 | Build | House |
| 19:27 | Build | House |
| 19:28 | Build | House |
| 19:42 | Build | House |
| 19:43 | Build | House |
| 19:44 | Create | Villager (Male) |
| 19:47 | Create | Villager (Male) |
| 19:52 | Create | Villager (Male) |
| 20:02 | Build | House |
| 20:05 | Create | Villager (Male) |
| 20:05 | Create | Villager (Male) |
| 20:11 | Build | House |
| 20:13 | Build | House |
| 20:16 | Create | Villager (Male) |
| 20:17 | Create | Villager (Male) |
| 20:22 | Create | Villager (Male) |
| 20:22 | Create | Villager (Male) |
| 20:31 | Create | Villager (Male) |
| 20:31 | Create | Villager (Male) |
| 20:39 | Create | Villager (Male) |
| 20:40 | Create | Villager (Male) |
| 20:43 | Create | Villager (Male) |
| 20:43 | Create | Villager (Male) |
| 20:47 | Create | Villager (Male) |
| 20:47 | Create | Villager (Male) |
| 20:50 | Build | Siege Workshop |
| 21:07 | Build | Stone Wall |
| 21:09 | Create | Villager (Male) |
| 21:21 | Build | Stone Wall |
| 21:21 | Create | Villager (Male) |
| 21:22 | Create | Villager (Male) |
| 21:25 | Build | University |
| 21:27 | Create | Villager (Male) |
| 21:27 | Create | Villager (Male) |
| 21:29 | Create | Villager (Male) |
| 21:29 | Create | Villager (Male) |
| 21:39 | Build | Stone Wall |
| 21:42 | Create | Villager (Male) |
| 21:49 | Create | Villager (Male) |
| 21:57 | Create | Scorpion |
| 22:01 | Build | Farm |
| 22:02 | Create | Villager (Male) |
| 22:03 | Create | Villager (Male) |
| 22:05 | Research | Fortified Wall (upgrade) |
| 22:06 | Research | Fortified Wall (upgrade) |
| 22:09 | Build | Stone Wall |
| 22:12 | Build | Stone Wall |
Build order — billy bad beat
First 150 of 455 actions detected
| 0:00 | Create | Villager (Male) |
| 0:01 | Create | Villager (Male) |
| 0:02 | Build | House |
| 0:03 | Build | House |
| 0:08 | Create | Villager (Male) |
| 0:09 | Create | Villager (Male) |
| 0:09 | Create | Villager (Male) |
| 1:25 | Create | Villager (Male) |
| 1:51 | Build | Lumber Camp |
| 2:05 | Create | Villager (Male) |
| 2:25 | Create | Villager (Male) |
| 2:48 | Create | Villager (Male) |
| 3:04 | Create | Villager (Male) |
| 3:31 | Build | House |
| 3:32 | Create | Villager (Male) |
| 3:36 | Build | Mill |
| 3:49 | Create | Villager (Male) |
| 4:45 | Create | Villager (Male) |
| 4:59 | Build | House |
| 5:17 | Create | Villager (Male) |
| 5:18 | Create | Villager (Male) |
| 5:35 | Build | Palisade Gate |
| 5:43 | Build | Building 800 |
| 5:46 | Create | Villager (Male) |
| 5:46 | Create | Villager (Male) |
| 5:50 | Build | House |
| 5:51 | Build | Palisade Wall |
| 5:59 | Build | Building 800 |
| 6:00 | Build | Palisade Wall |
| 6:15 | Create | Villager (Male) |
| 6:18 | Create | Villager (Male) |
| 6:39 | Build | Mining Camp |
| 7:30 | Create | Villager (Male) |
| 8:16 | Research | Feudal Age |
| 9:41 | Build | Farm |
| 9:44 | Build | Barracks |
| 10:20 | Create | Villager (Male) |
| 10:20 | Age | Feudal Age |
| 10:22 | Create | Villager (Male) |
| 10:26 | Build | Blacksmith |
| 10:50 | Build | Stable |
| 11:46 | Build | Farm |
| 11:49 | Research | Castle Age |
| 11:51 | Build | Farm |
| 12:11 | Build | Farm |
| 12:37 | Build | Farm |
| 12:40 | Research | Double-Bit Axe |
| 13:01 | Research | Bloodlines |
| 13:10 | Build | Farm |
| 13:15 | Create | Villager (Male) |
| 13:50 | Build | Farm |
| 14:15 | Age | Castle Age |
| 14:17 | Create | Knight |
| 14:30 | Create | Villager (Male) |
| 14:42 | Build | Town Center |
| 14:47 | Create | Knight |
| 14:53 | Create | Villager (Male) |
| 14:58 | Build | Farm |
| 15:02 | Research | Town Watch |
| 15:07 | Build | House |
| 15:19 | Create | Knight |
| 15:22 | Research | Scale Barding Armor |
| 15:24 | Create | Villager (Male) |
| 15:35 | Build | House |
| 15:56 | Research | Horse Collar |
| 15:58 | Create | Villager (Male) |
| 16:09 | Build | House |
| 16:18 | Create | Villager (Male) |
| 16:37 | Create | Villager (Male) |
| 16:40 | Build | Farm |
| 16:43 | Build | Farm |
| 16:45 | Build | House |
| 16:55 | Create | Knight |
| 17:08 | Build | Farm |
| 17:09 | Build | House |
| 17:14 | Build | House |
| 17:15 | Create | Villager (Male) |
| 17:22 | Build | Farm |
| 17:38 | Create | Villager (Male) |
| 17:44 | Build | Farm |
| 17:48 | Build | House |
| 17:49 | Create | Villager (Male) |
| 18:00 | Create | Villager (Male) |
| 18:06 | Build | Farm |
| 18:09 | Build | Farm |
| 18:12 | Create | Villager (Male) |
| 18:18 | Build | Farm |
| 18:24 | Build | House |
| 18:41 | Create | Knight |
| 18:44 | Create | Villager (Male) |
| 18:49 | Build | Farm |
| 18:49 | Create | Villager (Male) |
| 18:55 | Build | House |
| 18:55 | Create | Villager (Male) |
| 19:08 | Create | Villager (Male) |
| 19:20 | Create | Villager (Male) |
| 19:23 | Create | Villager (Male) |
| 19:27 | Build | Town Center |
| 19:33 | Build | House |
| 19:45 | Create | Knight |
| 20:02 | Create | Villager (Male) ×3 |
| 20:10 | Build | House |
| 20:31 | Create | Villager (Male) ×3 |
| 20:32 | Build | Farm |
| 20:34 | Build | Farm |
| 20:36 | Build | House |
| 20:39 | Build | Market |
| 20:55 | Research | Husbandry |
| 21:00 | Build | Farm |
| 21:05 | Create | Villager (Male) |
| 21:11 | Build | House |
| 21:35 | Create | Knight |
| 21:44 | Create | Knight |
| 21:45 | Create | Villager (Male) ×2 |
| 21:47 | Create | Villager (Male) |
| 21:51 | Build | Town Center |
| 22:08 | Create | Villager (Male) ×2 |
| 22:19 | Create | Knight |
| 22:22 | Create | Villager (Male) |
| 22:26 | Build | Farm |
| 22:27 | Build | Farm |
| 22:27 | Build | Farm |
| 22:27 | Build | Farm |
| 22:27 | Build | Farm |
| 22:28 | Build | Farm |
| 22:28 | Build | Farm |
| 22:39 | Create | Villager (Male) |
| 23:22 | Create | Villager (Male) |
| 23:23 | Create | Villager (Male) |
| 23:23 | Create | Villager (Male) |
| 23:28 | Build | House |
| 23:29 | Build | House |
| 23:42 | Build | Farm |
| 23:42 | Build | Farm |
| 23:43 | Build | Farm |
| 23:43 | Build | Farm |
| 23:43 | Build | Farm |
| 23:44 | Build | Farm |
| 23:44 | Build | Farm |
| 23:45 | Create | Villager (Male) |
| 24:07 | Create | Villager (Male) |
| 24:08 | Create | Villager (Male) |
| 24:09 | Create | Villager (Male) |
| 24:12 | Build | Farm |
| 24:13 | Build | Farm |
| 24:14 | Create | Villager (Male) |
| 24:17 | Create | Villager (Male) |
| 24:22 | Create | Villager (Male) |
| 24:25 | Build | House |
| 24:26 | Build | House |
Build order — Ps0Fa
First 150 of 495 actions detected
| 0:00 | Create | Villager (Male) |
| 0:00 | Create | Villager (Male) |
| 0:01 | Create | Villager (Male) |
| 0:01 | Create | Villager (Male) |
| 0:02 | Build | House |
| 0:04 | Build | House |
| 1:22 | Create | Villager (Male) |
| 1:44 | Build | Lumber Camp |
| 2:05 | Create | Villager (Male) |
| 2:18 | Create | Villager (Male) |
| 2:19 | Create | Villager (Male) |
| 2:45 | Create | Villager (Male) |
| 3:00 | Build | House |
| 3:01 | Build | House |
| 3:02 | Build | House |
| 3:04 | Create | Villager (Male) |
| 3:04 | Create | Villager (Male) |
| 3:29 | Build | House |
| 3:33 | Create | Villager (Male) |
| 3:55 | Create | Villager (Male) |
| 3:55 | Create | Villager (Male) |
| 4:15 | Create | Villager (Male) |
| 4:30 | Create | Villager (Male) |
| 4:53 | Create | Villager (Male) |
| 5:19 | Create | Villager (Male) |
| 5:57 | Build | Mill |
| 6:05 | Create | Villager (Male) |
| 6:19 | Build | Mill |
| 6:28 | Create | Villager (Male) |
| 6:45 | Create | Villager (Male) |
| 7:08 | Create | Villager (Male) |
| 7:21 | Create | Villager (Male) |
| 7:46 | Build | Farm |
| 7:51 | Create | Villager (Male) |
| 7:51 | Create | Villager (Male) |
| 8:02 | Build | Farm |
| 8:25 | Build | Mining Camp |
| 8:29 | Create | Villager (Male) |
| 8:47 | Research | Feudal Age |
| 9:19 | Build | Farm |
| 9:32 | Build | Farm |
| 9:54 | Create | Villager (Male) |
| 9:55 | Create | Villager (Male) |
| 11:46 | Age | Feudal Age |
| 11:48 | Build | Market |
| 11:53 | Build | Blacksmith |
| 12:37 | Research | Castle Age |
| 12:54 | Research | Horse Collar |
| 12:56 | Research | Double-Bit Axe |
| 12:58 | Build | Farm |
| 13:01 | Build | Farm |
| 13:11 | Create | Villager (Male) |
| 13:15 | Build | Farm |
| 13:17 | Build | Farm |
| 13:24 | Create | Villager (Male) |
| 14:01 | Build | House |
| 15:17 | Age | Castle Age |
| 15:22 | Build | Town Center |
| 15:28 | Research | Bow Saw |
| 15:30 | Research | Heavy Plow |
| 15:39 | Build | Town Center |
| 15:41 | Create | Villager (Male) |
| 16:10 | Build | House |
| 16:12 | Build | House |
| 16:13 | Create | Villager (Male) |
| 16:22 | Create | Villager (Male) |
| 16:33 | Build | Farm |
| 16:35 | Build | Farm |
| 16:42 | Create | Villager (Male) |
| 16:46 | Build | Farm |
| 16:47 | Build | Farm |
| 16:49 | Create | Villager (Male) |
| 16:52 | Create | Villager (Male) |
| 16:52 | Create | Villager (Male) |
| 16:52 | Create | Villager (Male) |
| 16:57 | Build | Farm |
| 17:00 | Create | Villager (Male) |
| 17:00 | Create | Villager (Male) |
| 17:01 | Create | Villager (Male) |
| 17:06 | Build | House |
| 17:13 | Create | Villager (Male) |
| 17:26 | Create | Villager (Male) |
| 17:30 | Build | Farm |
| 17:37 | Build | House |
| 17:46 | Create | Villager (Male) |
| 17:52 | Build | House |
| 17:55 | Create | Villager (Male) |
| 18:01 | Create | Villager (Male) |
| 18:18 | Create | Villager (Male) |
| 18:22 | Build | Town Center |
| 18:24 | Create | Villager (Male) |
| 18:30 | Build | Farm |
| 18:35 | Create | Villager (Male) |
| 18:38 | Build | Farm |
| 18:42 | Build | House |
| 18:44 | Create | Villager (Male) |
| 18:48 | Build | Farm |
| 18:52 | Build | Farm |
| 18:52 | Create | Villager (Male) |
| 18:52 | Create | Villager (Male) |
| 18:55 | Build | Farm |
| 19:10 | Research | Wheelbarrow |
| 19:18 | Create | Villager (Male) |
| 19:22 | Create | Villager (Male) |
| 19:22 | Create | Villager (Male) |
| 19:22 | Create | Villager (Male) |
| 19:24 | Build | House |
| 19:24 | Create | Villager (Male) |
| 19:39 | Create | Villager (Male) |
| 19:40 | Create | Villager (Male) |
| 19:44 | Create | Villager (Male) |
| 19:44 | Create | Villager (Male) |
| 19:45 | Create | Villager (Male) |
| 19:45 | Create | Villager (Male) |
| 19:48 | Build | Farm |
| 19:49 | Build | Farm |
| 19:52 | Build | Farm |
| 19:54 | Build | Farm |
| 19:54 | Create | Villager (Male) |
| 19:55 | Create | Villager (Male) |
| 19:57 | Build | House |
| 19:58 | Build | House |
| 20:09 | Build | Farm |
| 20:09 | Create | Villager (Male) |
| 20:12 | Build | Farm |
| 20:15 | Build | Farm |
| 20:18 | Build | Farm |
| 20:18 | Create | Villager (Male) |
| 20:20 | Create | Villager (Male) |
| 20:26 | Create | Villager (Male) |
| 20:40 | Build | Farm |
| 20:42 | Build | Farm |
| 20:45 | Build | Farm |
| 20:45 | Create | Villager (Male) |
| 20:46 | Create | Villager (Male) |
| 20:50 | Build | Farm |
| 20:52 | Build | Farm |
| 20:53 | Create | Villager (Male) |
| 20:53 | Create | Villager (Male) |
| 20:53 | Create | Villager (Male) |
| 20:53 | Create | Villager (Male) |
| 20:55 | Build | House |
| 20:56 | Build | House |
| 20:57 | Build | House |
| 20:59 | Create | Villager (Male) |
| 20:59 | Create | Villager (Male) |
| 21:07 | Create | Villager (Male) |
| 21:15 | Create | Villager (Male) |
| 21:19 | Build | Mining Camp |
| 21:25 | Build | Lumber Camp |
Build order — [o.p.]Oliver_Khan
First 150 of 519 actions detected
| 0:00 | Create | Villager (Male) ×4 |
| 0:02 | Build | House |
| 0:03 | Build | House |
| 1:22 | Create | Villager (Male) |
| 1:23 | Create | Villager (Male) |
| 1:23 | Create | Villager (Male) |
| 1:44 | Build | Lumber Camp |
| 1:58 | Create | Villager (Male) |
| 1:58 | Create | Villager (Male) |
| 2:25 | Create | Villager (Male) |
| 2:26 | Create | Villager (Male) |
| 2:45 | Create | Villager (Male) |
| 2:46 | Create | Villager (Male) |
| 3:06 | Build | Palisade Gate |
| 3:14 | Build | Building 800 |
| 3:17 | Create | Villager (Male) |
| 3:21 | Build | Palisade Wall |
| 3:22 | Build | Palisade Wall |
| 3:23 | Build | Palisade Wall |
| 3:28 | Build | House |
| 3:36 | Build | Building 800 |
| 3:38 | Build | Palisade Wall |
| 3:39 | Build | Palisade Wall |
| 3:44 | Create | Villager (Male) |
| 3:58 | Create | Villager (Male) |
| 3:58 | Create | Villager (Male) |
| 4:37 | Create | Villager (Male) |
| 4:38 | Create | Villager (Male) |
| 4:54 | Build | Mill |
| 5:00 | Create | Villager (Male) |
| 5:18 | Create | Villager (Male) |
| 5:36 | Build | House |
| 5:48 | Create | Villager (Male) |
| 5:48 | Create | Villager (Male) |
| 6:16 | Create | Villager (Male) |
| 6:36 | Create | Villager (Male) |
| 6:37 | Create | Villager (Male) |
| 7:09 | Create | Villager (Male) |
| 7:59 | Create | Villager (Male) |
| 8:38 | Build | Mining Camp |
| 8:41 | Research | Feudal Age |
| 8:50 | Build | House |
| 9:26 | Build | Mining Camp |
| 10:32 | Create | Villager (Male) |
| 10:32 | Create | Villager (Male) |
| 10:58 | Age | Feudal Age |
| 10:59 | Build | Market |
| 11:02 | Build | Market |
| 11:03 | Build | Blacksmith |
| 11:33 | Research | Double-Bit Axe |
| 11:33 | Research | Double-Bit Axe |
| 11:48 | Research | Castle Age |
| 12:10 | Research | Horse Collar |
| 12:10 | Research | Horse Collar |
| 12:12 | Build | Farm |
| 12:14 | Build | Farm |
| 12:33 | Build | Farm |
| 12:41 | Build | Farm |
| 12:56 | Build | Farm |
| 13:11 | Build | Farm |
| 13:57 | Create | Villager (Male) |
| 14:28 | Age | Castle Age |
| 14:31 | Build | Town Center |
| 14:37 | Build | House |
| 14:48 | Research | Bow Saw |
| 14:48 | Research | Bow Saw |
| 14:48 | Research | Bow Saw |
| 14:49 | Create | Villager (Male) |
| 15:02 | Create | Villager (Male) |
| 15:11 | Build | Farm |
| 15:41 | Build | Farm |
| 15:43 | Create | Villager (Male) |
| 16:02 | Create | Villager (Male) |
| 16:06 | Build | Farm |
| 16:10 | Build | Farm |
| 16:12 | Build | Farm |
| 16:20 | Build | Castle |
| 16:23 | Create | Villager (Male) |
| 16:23 | Create | Villager (Male) |
| 16:23 | Create | Villager (Male) |
| 16:23 | Create | Villager (Male) |
| 16:28 | Build | Farm |
| 16:33 | Build | Farm |
| 16:44 | Create | Villager (Male) |
| 16:51 | Create | Villager (Male) |
| 16:51 | Create | Villager (Male) |
| 17:04 | Build | Farm |
| 17:07 | Build | Farm |
| 17:14 | Create | Villager (Male) |
| 17:14 | Create | Villager (Male) |
| 17:14 | Create | Villager (Male) |
| 17:17 | Build | Farm |
| 17:23 | Create | Villager (Male) |
| 17:23 | Create | Villager (Male) |
| 17:27 | Build | House |
| 17:34 | Create | Villager (Male) |
| 17:34 | Create | Villager (Male) |
| 17:34 | Create | Villager (Male) |
| 17:37 | Build | Farm |
| 17:41 | Create | Villager (Male) |
| 17:41 | Create | Villager (Male) |
| 17:49 | Create | Camel Archer |
| 17:49 | Create | Camel Archer |
| 17:57 | Create | Camel Archer |
| 17:58 | Create | Villager (Male) |
| 17:58 | Create | Villager (Male) |
| 17:58 | Create | Villager (Male) |
| 18:08 | Build | Farm |
| 18:19 | Research | Fletching |
| 18:21 | Create | Camel Archer |
| 18:26 | Create | Villager (Male) |
| 18:26 | Create | Villager (Male) |
| 18:31 | Build | Farm |
| 18:34 | Create | Villager (Male) |
| 18:34 | Create | Villager (Male) |
| 18:39 | Create | Villager (Male) |
| 18:40 | Create | Villager (Male) |
| 18:42 | Build | Farm |
| 18:50 | Create | Camel Archer |
| 18:52 | Create | Villager (Male) |
| 19:03 | Build | Farm |
| 19:06 | Create | Camel Archer |
| 19:10 | Create | Villager (Male) |
| 19:10 | Create | Villager (Male) |
| 19:19 | Research | Wheelbarrow |
| 19:20 | Create | Camel Archer |
| 19:21 | Create | Camel Archer |
| 19:36 | Create | Villager (Male) |
| 19:39 | Build | Farm |
| 19:40 | Build | Farm |
| 19:44 | Create | Villager (Male) |
| 19:44 | Create | Villager (Male) |
| 19:45 | Create | Villager (Male) |
| 19:45 | Create | Villager (Male) |
| 19:55 | Create | Camel Archer |
| 20:19 | Create | Camel Archer |
| 20:26 | Build | Town Center |
| 20:29 | Create | Villager (Male) |
| 20:29 | Create | Villager (Male) |
| 20:45 | Research | Bodkin Arrow |
| 20:45 | Research | Bodkin Arrow |
| 20:45 | Research | Bodkin Arrow |
| 20:47 | Create | Camel Archer |
| 20:57 | Build | Lumber Camp |
| 21:00 | Build | House |
| 21:11 | Build | House |
| 21:14 | Create | Camel Archer |
| 21:32 | Create | Villager (Male) |
| 21:32 | Create | Villager (Male) |
| 21:41 | Research | Gold Mining |
Build order — [o.p.]Rage_Boy
First 150 of 392 actions detected
| 0:00 | Create | Villager (Male) |
| 0:01 | Create | Villager (Male) |
| 0:02 | Build | House |
| 0:03 | Build | House |
| 0:05 | Create | Villager (Male) |
| 0:06 | Create | Villager (Male) |
| 0:06 | Create | Villager (Male) |
| 1:22 | Create | Villager (Male) |
| 1:47 | Build | Settlement |
| 1:56 | Build | Settlement |
| 1:59 | Create | Villager (Male) |
| 2:16 | Create | Villager (Male) |
| 2:46 | Create | Villager (Male) |
| 3:02 | Create | Villager (Male) |
| 3:38 | Create | Villager (Male) |
| 4:03 | Create | Villager (Male) |
| 4:03 | Create | Villager (Male) |
| 4:43 | Create | Villager (Male) |
| 4:54 | Build | Settlement |
| 5:08 | Create | Villager (Male) |
| 5:31 | Create | Villager (Male) |
| 5:54 | Create | Villager (Male) |
| 6:31 | Create | Villager (Male) |
| 7:04 | Create | Villager (Male) |
| 7:25 | Research | Feudal Age |
| 7:25 | Research | Loom |
| 8:03 | Build | Settlement |
| 8:39 | Create | Villager (Male) |
| 9:41 | Age | Feudal Age |
| 9:44 | Research | Double-Bit Axe |
| 9:45 | Research | Horse Collar |
| 9:49 | Create | Villager (Male) |
| 10:09 | Build | Farm |
| 10:16 | Create | Villager (Male) |
| 10:28 | Create | Villager (Male) |
| 10:34 | Build | Farm |
| 10:51 | Build | Settlement |
| 10:57 | Create | Villager (Male) |
| 10:58 | Build | Farm |
| 11:02 | Build | Farm |
| 11:08 | Build | Farm |
| 11:35 | Create | Villager (Male) |
| 11:37 | Build | Farm |
| 11:48 | Create | Villager (Male) |
| 11:54 | Build | Farm |
| 12:00 | Create | Villager (Male) |
| 12:19 | Build | Settlement |
| 12:51 | Create | Villager (Male) |
| 12:53 | Build | Farm |
| 12:57 | Build | Farm |
| 13:04 | Create | Villager (Male) |
| 13:36 | Create | Villager (Male) |
| 13:36 | Create | Villager (Male) |
| 14:05 | Build | Market |
| 14:06 | Create | Villager (Male) |
| 14:43 | Build | Blacksmith |
| 14:46 | Create | Villager (Male) |
| 15:24 | Research | Castle Age |
| 16:07 | Build | Farm |
| 16:09 | Build | Farm |
| 16:11 | Build | Farm |
| 16:17 | Build | Farm |
| 16:43 | Create | Villager (Male) |
| 16:43 | Create | Villager (Male) |
| 17:51 | Build | Farm |
| 17:53 | Build | Farm |
| 17:55 | Build | Farm |
| 17:58 | Create | Villager (Male) |
| 18:11 | Build | Farm |
| 18:11 | Age | Castle Age |
| 18:13 | Build | Farm |
| 18:17 | Create | Villager (Male) |
| 18:50 | Research | Loom |
| 18:58 | Build | Settlement |
| 19:06 | Create | Villager (Male) |
| 19:31 | Create | Villager (Male) |
| 19:40 | Build | Castle |
| 19:46 | Research | Wheelbarrow |
| 19:52 | Research | Bow Saw |
| 20:29 | Build | Settlement |
| 20:47 | Research | Gold Mining |
| 20:52 | Research | Scale Mail Armor |
| 21:03 | Research | Imperial Age |
| 21:10 | Create | Kamayuk |
| 21:11 | Create | Kamayuk |
| 21:42 | Create | Kamayuk |
| 21:42 | Create | Kamayuk |
| 21:50 | Create | Villager (Male) |
| 22:06 | Create | Kamayuk |
| 22:15 | Create | Kamayuk |
| 22:21 | Create | Villager (Male) |
| 23:22 | Research | Chain Mail Armor |
| 24:04 | Create | Villager (Male) |
| 24:16 | Age | Imperial Age |
| 24:18 | Create | Trebuchet (Packed) |
| 24:19 | Create | Trebuchet (Packed) |
| 24:21 | Research | Plate Mail Armor |
| 24:22 | Create | Villager (Male) |
| 24:45 | Build | Siege Workshop |
| 24:52 | Build | Farm |
| 24:53 | Create | Villager (Male) |
| 25:30 | Create | Villager (Male) |
| 25:40 | Create | Trebuchet (Packed) |
| 26:00 | Research | Onager (upgrade) |
| 26:28 | Create | Mangonel |
| 26:34 | Create | Villager (Male) |
| 26:35 | Create | Villager (Male) |
| 26:36 | Create | Villager (Male) |
| 26:57 | Create | Villager (Male) |
| 26:58 | Build | Farm |
| 27:00 | Build | Farm |
| 27:01 | Create | Villager (Male) |
| 27:10 | Create | Kamayuk |
| 27:56 | Create | Villager (Male) |
| 28:20 | Create | Villager (Male) |
| 28:25 | Create | Villager (Male) |
| 28:29 | Build | Town Center |
| 28:30 | Create | Villager (Male) |
| 28:37 | Build | Town Center |
| 29:23 | Create | Kamayuk |
| 29:23 | Create | Kamayuk |
| 29:24 | Create | Villager (Male) |
| 29:24 | Create | Villager (Male) |
| 29:25 | Create | Villager (Male) |
| 29:25 | Create | Villager (Male) |
| 29:28 | Build | House |
| 29:50 | Create | Kamayuk |
| 29:51 | Create | Kamayuk |
| 29:55 | Build | Farm |
| 29:56 | Build | Farm |
| 29:56 | Build | Farm |
| 29:56 | Build | Farm |
| 29:57 | Build | Farm |
| 29:57 | Build | Farm |
| 30:10 | Build | House |
| 30:19 | Research | Forging |
| 30:21 | Create | Villager (Male) |
| 30:23 | Create | Villager (Male) |
| 30:25 | Create | Villager (Male) |
| 30:39 | Create | Kamayuk ×3 |
| 31:20 | Create | Kamayuk ×5 |
| 31:37 | Create | Villager (Male) |
| 31:39 | Create | Villager (Male) |
| 31:42 | Create | Villager (Male) |
| 31:43 | Build | Settlement |
| 31:44 | Build | Farm |
| 31:45 | Build | Farm |
| 31:45 | Build | Farm |
| 31:45 | Build | Farm |
| 31:45 | Build | Farm |
Build order — vedousa
First 150 of 782 actions detected
| 0:01 | Create | Villager (Male) |
| 0:01 | Create | Villager (Male) |
| 0:03 | Build | House |
| 0:04 | Build | House |
| 0:12 | Create | Villager (Male) |
| 0:12 | Create | Villager (Male) |
| 1:34 | Create | Villager (Male) |
| 1:34 | Create | Villager (Male) |
| 1:51 | Build | Mule Cart |
| 1:56 | Create | Villager (Male) |
| 2:20 | Create | Villager (Male) |
| 2:49 | Create | Villager (Male) |
| 3:12 | Create | Villager (Male) |
| 3:13 | Create | Villager (Male) |
| 3:39 | Create | Villager (Male) |
| 3:39 | Create | Villager (Male) |
| 4:08 | Build | House |
| 4:11 | Create | Villager (Male) |
| 4:22 | Create | Villager (Male) |
| 4:41 | Build | House |
| 4:44 | Build | House |
| 4:49 | Build | Mill |
| 4:52 | Create | Villager (Male) |
| 4:53 | Create | Villager (Male) |
| 5:19 | Create | Villager (Male) |
| 5:40 | Build | Mule Cart |
| 5:49 | Create | Villager (Male) |
| 6:27 | Create | Villager (Male) |
| 6:31 | Create | Villager (Male) |
| 6:31 | Create | Villager (Male) |
| 6:32 | Create | Villager (Male) |
| 6:32 | Create | Villager (Male) |
| 6:33 | Create | Villager (Male) |
| 7:14 | Build | Farm |
| 7:15 | Build | Farm |
| 7:17 | Build | Farm |
| 8:29 | Research | Feudal Age |
| 9:25 | Build | Farm |
| 9:31 | Build | Farm |
| 9:37 | Create | Villager (Male) |
| 9:37 | Create | Villager (Male) |
| 9:38 | Create | Villager (Male) |
| 10:12 | Build | Farm |
| 10:25 | Build | Farm |
| 10:46 | Build | Market |
| 11:35 | Build | Blacksmith |
| 11:45 | Create | Villager (Male) |
| 12:17 | Research | Castle Age |
| 12:17 | Research | Castle Age |
| 12:59 | Research | Double-Bit Axe |
| 13:30 | Research | Horse Collar |
| 13:54 | Build | Farm |
| 14:22 | Build | Farm |
| 14:24 | Build | Farm |
| 14:42 | Create | Villager (Male) |
| 14:42 | Create | Villager (Male) |
| 14:48 | Create | Villager (Male) |
| 15:04 | Build | Town Center |
| 15:12 | Build | Town Center |
| 15:15 | Research | Bow Saw |
| 15:23 | Research | Heavy Plow |
| 16:02 | Create | Villager (Male) |
| 16:12 | Create | Villager (Male) |
| 16:16 | Create | Villager (Male) |
| 16:32 | Build | Monastery |
| 16:36 | Build | Farm |
| 16:38 | Create | Villager (Male) |
| 16:39 | Create | Villager (Male) |
| 16:46 | Build | Farm |
| 16:51 | Build | Farm |
| 16:55 | Create | Villager (Male) |
| 17:01 | Build | Farm |
| 17:03 | Build | Farm |
| 17:10 | Create | Villager (Male) |
| 17:13 | Create | Villager (Male) |
| 17:22 | Create | Villager (Male) |
| 17:29 | Create | Villager (Male) |
| 17:35 | Build | Farm |
| 17:38 | Build | Farm |
| 17:41 | Build | Farm |
| 17:42 | Create | Villager (Male) |
| 17:45 | Build | House |
| 17:51 | Create | Villager (Male) |
| 17:54 | Build | House |
| 17:57 | Build | House |
| 17:58 | Build | House |
| 18:00 | Create | Villager (Male) |
| 18:02 | Create | Villager (Male) |
| 18:05 | Create | Villager (Male) |
| 18:12 | Build | Farm |
| 18:13 | Build | Farm |
| 18:24 | Create | Monk |
| 18:31 | Create | Villager (Male) |
| 18:32 | Create | Villager (Male) |
| 18:35 | Build | House |
| 18:37 | Create | Villager (Male) |
| 18:41 | Build | Farm |
| 18:42 | Build | Farm |
| 18:53 | Create | Villager (Male) |
| 18:56 | Create | Villager (Male) |
| 19:00 | Build | Farm |
| 19:03 | Build | Farm |
| 19:04 | Create | Villager (Male) |
| 19:05 | Create | Villager (Male) |
| 19:08 | Create | Villager (Male) |
| 19:34 | Create | Villager (Male) |
| 19:34 | Create | Villager (Male) |
| 19:35 | Create | Villager (Male) |
| 19:35 | Create | Villager (Male) |
| 19:40 | Build | Farm |
| 19:43 | Create | Villager (Male) |
| 19:49 | Create | Villager (Male) |
| 19:59 | Build | House |
| 19:59 | Build | House |
| 20:00 | Build | House |
| 20:03 | Build | Farm |
| 20:04 | Build | Farm |
| 20:12 | Build | Farm |
| 20:15 | Create | Villager (Male) |
| 20:21 | Create | Villager (Male) |
| 20:28 | Research | Gold Mining |
| 20:30 | Create | Villager (Male) |
| 20:32 | Build | Mule Cart |
| 20:33 | Create | Villager (Male) |
| 20:35 | Create | Villager (Male) |
| 20:41 | Build | Farm |
| 20:42 | Create | Villager (Male) |
| 20:46 | Create | Villager (Male) |
| 20:50 | Create | Villager (Male) |
| 20:52 | Create | Villager (Male) |
| 20:55 | Build | Farm |
| 20:57 | Build | Farm |
| 21:04 | Create | Villager (Male) |
| 21:04 | Create | Villager (Male) |
| 21:05 | Create | Villager (Male) |
| 21:12 | Create | Villager (Male) |
| 21:25 | Create | Villager (Male) |
| 21:29 | Build | Farm |
| 21:30 | Build | Farm |
| 21:30 | Build | Farm |
| 21:35 | Research | Wheelbarrow |
| 21:47 | Research | Stone Mining |
| 21:52 | Build | House |
| 21:53 | Build | House |
| 21:54 | Build | House |
| 22:00 | Build | House |
| 22:01 | Build | House |
| 22:02 | Build | House |
| 22:06 | Build | Farm |
| 22:12 | Create | Villager (Male) |
Build order — Eugenius
First 150 of 471 actions detected
| 0:01 | Create | Villager (Male) |
| 0:01 | Create | Villager (Male) |
| 0:02 | Build | House |
| 0:03 | Build | House |
| 0:15 | Create | Villager (Male) |
| 0:15 | Create | Villager (Male) |
| 1:24 | Create | Villager (Male) |
| 1:24 | Create | Villager (Male) |
| 1:24 | Create | Villager (Male) |
| 2:01 | Create | Villager (Male) |
| 2:02 | Create | Villager (Male) |
| 2:10 | Build | Settlement |
| 2:17 | Create | Villager (Male) |
| 2:17 | Create | Villager (Male) |
| 2:18 | Create | Villager (Male) |
| 2:34 | Create | Villager (Male) |
| 2:34 | Create | Villager (Male) |
| 2:34 | Create | Villager (Male) |
| 3:16 | Create | Villager (Male) |
| 3:17 | Create | Villager (Male) |
| 3:17 | Create | Villager (Male) |
| 3:17 | Create | Villager (Male) |
| 3:51 | Create | Villager (Male) |
| 3:51 | Create | Villager (Male) |
| 4:09 | Create | Villager (Male) |
| 4:09 | Create | Villager (Male) |
| 4:09 | Create | Villager (Male) |
| 4:26 | Create | Villager (Male) |
| 5:15 | Create | Villager (Male) |
| 5:15 | Create | Villager (Male) |
| 5:15 | Create | Villager (Male) |
| 5:40 | Create | Villager (Male) |
| 5:40 | Create | Villager (Male) |
| 5:40 | Create | Villager (Male) |
| 5:56 | Build | Settlement |
| 6:08 | Build | House |
| 6:45 | Build | Farm |
| 7:17 | Create | Villager (Male) |
| 7:40 | Build | Settlement |
| 7:56 | Build | Farm |
| 7:57 | Create | Villager (Male) |
| 7:59 | Create | Villager (Male) |
| 8:30 | Research | Feudal Age |
| 8:31 | Research | Feudal Age |
| 10:03 | Build | Outpost |
| 10:08 | Build | Outpost |
| 10:13 | Create | Villager (Male) |
| 10:52 | Build | Outpost |
| 10:57 | Age | Feudal Age |
| 11:07 | Build | Market |
| 11:17 | Build | Blacksmith |
| 11:23 | Create | Villager (Male) |
| 11:58 | Research | Castle Age |
| 13:42 | Create | Villager (Male) |
| 13:46 | Research | Loom |
| 13:47 | Research | Double-Bit Axe |
| 13:48 | Research | Horse Collar |
| 13:58 | Research | Fletching |
| 14:38 | Age | Castle Age |
| 14:48 | Build | Castle |
| 14:59 | Create | Villager (Male) |
| 15:18 | Create | Villager (Male) |
| 15:26 | Build | Town Center |
| 15:47 | Create | Villager (Male) |
| 16:18 | Build | Town Center |
| 16:19 | Create | Villager (Male) |
| 16:25 | Build | Farm |
| 16:32 | Build | Farm |
| 16:33 | Create | Villager (Male) |
| 16:36 | Create | Villager (Male) |
| 16:37 | Create | Villager (Male) |
| 16:56 | Research | Heavy Plow |
| 16:59 | Research | Bow Saw |
| 16:59 | Research | Bow Saw |
| 16:59 | Research | Bow Saw |
| 17:03 | Build | Farm |
| 17:11 | Build | Farm |
| 17:23 | Create | Villager (Male) |
| 17:23 | Create | Villager (Male) |
| 17:39 | Create | Villager (Male) |
| 17:39 | Create | Villager (Male) |
| 17:39 | Create | Villager (Male) |
| 17:42 | Build | Farm |
| 17:44 | Build | Farm |
| 17:45 | Build | Farm |
| 17:46 | Build | Farm |
| 18:09 | Create | Villager (Male) |
| 18:09 | Create | Villager (Male) |
| 18:13 | Build | Farm |
| 18:15 | Build | Farm |
| 18:17 | Build | Farm |
| 18:23 | Build | Farm |
| 18:24 | Build | Farm |
| 18:26 | Build | Farm |
| 18:29 | Create | Villager (Male) |
| 18:35 | Create | Unit 2562 |
| 18:37 | Create | Unit 2562 |
| 18:39 | Create | Villager (Male) |
| 18:39 | Create | Villager (Male) |
| 18:39 | Create | Villager (Male) |
| 18:54 | Build | Farm |
| 19:01 | Create | Villager (Male) |
| 19:01 | Create | Villager (Male) |
| 19:03 | Create | Unit 2562 |
| 19:03 | Create | Unit 2562 |
| 19:05 | Create | Unit 2562 |
| 19:12 | Create | Villager (Male) |
| 19:13 | Create | Villager (Male) |
| 19:19 | Create | Villager (Male) |
| 19:19 | Create | Villager (Male) |
| 19:27 | Build | University |
| 19:31 | Create | Villager (Male) |
| 19:32 | Create | Villager (Male) |
| 19:41 | Build | Farm |
| 19:42 | Build | Farm |
| 19:43 | Create | Villager (Male) |
| 19:43 | Create | Villager (Male) |
| 19:43 | Create | Villager (Male) |
| 19:47 | Build | Farm |
| 19:48 | Create | Villager (Male) |
| 19:49 | Create | Villager (Male) |
| 19:52 | Build | Farm |
| 19:55 | Build | Farm |
| 20:00 | Create | Unit 2562 |
| 20:00 | Create | Unit 2562 |
| 20:02 | Create | Villager (Male) |
| 20:02 | Create | Villager (Male) |
| 20:10 | Create | Villager (Male) |
| 20:10 | Create | Villager (Male) |
| 20:11 | Create | Villager (Male) |
| 20:20 | Create | Villager (Male) |
| 20:20 | Create | Villager (Male) |
| 20:22 | Build | Monastery |
| 20:28 | Create | Villager (Male) |
| 20:29 | Create | Villager (Male) |
| 20:36 | Create | Villager (Male) |
| 20:36 | Create | Villager (Male) |
| 20:36 | Create | Villager (Male) |
| 20:44 | Build | Siege Workshop |
| 20:46 | Create | Unit 2562 |
| 20:47 | Create | Unit 2562 |
| 20:48 | Create | Villager (Male) |
| 20:48 | Create | Villager (Male) |
| 20:52 | Build | Farm |
| 20:54 | Build | Farm |
| 20:59 | Create | Villager (Male) |
| 21:00 | Create | Villager (Male) |
| 21:02 | Build | Farm |
| 21:04 | Build | Farm |
| 21:05 | Create | Villager (Male) |
Build order — YYY___YYY
First 150 of 489 actions detected
| 0:01 | Create | Villager (Male) |
| 0:01 | Create | Villager (Male) |
| 0:02 | Create | Villager (Male) |
| 0:03 | Build | House |
| 0:04 | Build | House |
| 0:08 | Create | Villager (Male) |
| 1:24 | Create | Villager (Male) |
| 1:24 | Create | Villager (Male) |
| 1:49 | Build | Palisade Wall |
| 1:58 | Build | Lumber Camp |
| 1:59 | Create | Villager (Male) |
| 1:59 | Create | Villager (Male) |
| 2:24 | Create | Villager (Male) |
| 2:24 | Create | Villager (Male) |
| 2:49 | Create | Villager (Male) |
| 3:19 | Create | Villager (Male) |
| 3:19 | Create | Villager (Male) |
| 3:27 | Build | House |
| 3:46 | Create | Villager (Male) |
| 3:46 | Create | Villager (Male) |
| 4:09 | Create | Villager (Male) |
| 4:09 | Create | Villager (Male) |
| 4:35 | Create | Villager (Male) |
| 4:52 | Create | Villager (Male) |
| 4:52 | Create | Villager (Male) |
| 5:00 | Create | Villager (Male) |
| 5:05 | Build | House |
| 5:36 | Create | Villager (Male) |
| 5:38 | Build | Mill |
| 6:06 | Create | Villager (Male) |
| 6:07 | Create | Villager (Male) |
| 6:31 | Create | Villager (Male) |
| 6:32 | Create | Villager (Male) |
| 6:40 | Create | Villager (Male) |
| 6:41 | Create | Villager (Male) |
| 6:54 | Create | Villager (Male) |
| 7:05 | Create | Villager (Male) |
| 7:11 | Create | Villager (Male) |
| 7:14 | Build | House |
| 7:18 | Create | Villager (Male) |
| 7:19 | Create | Villager (Male) |
| 7:36 | Build | Mining Camp |
| 8:37 | Research | Feudal Age |
| 8:37 | Research | Feudal Age |
| 8:52 | Build | Mill |
| 8:57 | Build | Farm |
| 9:00 | Build | Farm |
| 9:26 | Create | Villager (Male) |
| 10:16 | Create | Villager (Male) |
| 10:57 | Age | Feudal Age |
| 11:04 | Build | Market |
| 11:08 | Build | Blacksmith |
| 12:19 | Research | Castle Age |
| 12:20 | Research | Castle Age |
| 12:27 | Build | House |
| 13:14 | Research | Double-Bit Axe |
| 13:14 | Research | Double-Bit Axe |
| 13:45 | Create | Villager (Male) |
| 14:36 | Create | Villager (Male) |
| 14:59 | Age | Castle Age |
| 15:01 | Build | Town Center |
| 15:08 | Build | Town Center |
| 15:12 | Build | Farm |
| 15:14 | Build | Farm |
| 15:17 | Build | Farm |
| 15:20 | Build | Farm |
| 15:26 | Create | Villager (Male) |
| 15:34 | Build | University |
| 15:40 | Create | Villager (Male) |
| 15:56 | Create | Villager (Male) |
| 15:56 | Create | Villager (Male) |
| 15:57 | Create | Villager (Male) |
| 16:07 | Build | Farm |
| 16:10 | Build | Farm |
| 16:17 | Create | Villager (Male) |
| 16:17 | Create | Villager (Male) |
| 16:18 | Create | Villager (Male) |
| 16:23 | Build | Farm |
| 16:32 | Build | House |
| 16:34 | Create | Villager (Male) |
| 16:34 | Create | Villager (Male) |
| 16:52 | Build | Farm |
| 16:58 | Build | Farm |
| 16:59 | Create | Villager (Male) |
| 16:59 | Create | Villager (Male) |
| 17:03 | Build | Farm |
| 17:13 | Create | Villager (Male) |
| 17:13 | Create | Villager (Male) |
| 17:20 | Build | Farm |
| 17:25 | Create | Villager (Male) |
| 17:26 | Create | Villager (Male) |
| 17:29 | Build | Farm |
| 17:36 | Build | Farm |
| 17:42 | Create | Villager (Male) |
| 17:42 | Create | Villager (Male) |
| 17:54 | Create | Villager (Male) |
| 17:54 | Create | Villager (Male) |
| 17:56 | Build | Farm |
| 18:07 | Build | Farm |
| 18:11 | Create | Villager (Male) |
| 18:11 | Create | Villager (Male) |
| 18:14 | Build | Farm |
| 18:20 | Create | Villager (Male) |
| 18:20 | Create | Villager (Male) |
| 18:26 | Build | Farm |
| 18:29 | Create | Villager (Male) |
| 18:29 | Create | Villager (Male) |
| 18:32 | Build | Farm |
| 18:37 | Build | House |
| 18:38 | Build | House |
| 18:40 | Create | Villager (Male) |
| 18:41 | Create | Villager (Male) |
| 18:50 | Build | Farm |
| 18:51 | Create | Villager (Male) |
| 18:52 | Create | Villager (Male) |
| 18:59 | Create | Villager (Male) |
| 18:59 | Create | Villager (Male) |
| 19:08 | Build | House |
| 19:13 | Build | Farm |
| 19:15 | Create | Villager (Male) |
| 19:16 | Create | Villager (Male) |
| 19:18 | Build | Farm |
| 19:19 | Create | Villager (Male) |
| 19:20 | Create | Villager (Male) |
| 19:26 | Build | Farm |
| 19:30 | Create | Villager (Male) |
| 19:31 | Create | Villager (Male) |
| 19:39 | Build | Farm |
| 19:40 | Create | Villager (Male) |
| 19:40 | Create | Villager (Male) |
| 19:44 | Build | Farm |
| 19:45 | Create | Villager (Male) |
| 19:53 | Create | Villager (Male) |
| 19:53 | Create | Villager (Male) |
| 20:03 | Build | Town Center |
| 20:08 | Create | Villager (Male) |
| 20:08 | Create | Villager (Male) |
| 20:08 | Create | Villager (Male) |
| 20:11 | Create | Villager (Male) |
| 20:12 | Create | Villager (Male) |
| 20:12 | Create | Villager (Male) |
| 20:12 | Create | Villager (Male) |
| 20:16 | Build | Farm |
| 20:19 | Build | Farm |
| 20:20 | Create | Villager (Male) |
| 20:20 | Create | Villager (Male) |
| 20:25 | Build | Farm |
| 20:35 | Create | Villager (Male) |
| 20:35 | Create | Villager (Male) |
| 20:38 | Build | Farm |
Match timeline
| 1:49 | YYY___YYY · wall_segment Palisade Wall x13 |
| 3:21 | [o.p.]Oliver_Khan · wall_segment Palisade Wall x1 |
| 3:22 | [o.p.]Oliver_Khan · wall_segment Palisade Wall x1 |
| 3:23 | [o.p.]Oliver_Khan · wall_segment Palisade Wall x1 |
| 3:38 | [o.p.]Oliver_Khan · wall_segment Palisade Wall x1 |
| 3:39 | [o.p.]Oliver_Khan · wall_segment Palisade Wall x1 |
| 5:51 | billy bad beat · wall_segment Palisade Wall x1 |
| 6:00 | billy bad beat · wall_segment Palisade Wall x1 |
| 9:41 | [o.p.]Rage_Boy · age_up feudal |
| 9:44 | billy bad beat · first_building Barracks |
| 10:09 | Paxihs · age_up feudal |
| 10:20 | billy bad beat · age_up feudal |
| 10:50 | billy bad beat · first_building Stable |
| 10:57 | YYY___YYY · age_up feudal |
| 10:57 | Eugenius · age_up feudal |
| 10:58 | [o.p.]Oliver_Khan · age_up feudal |
| 11:46 | Ps0Fa · age_up feudal |
| 14:15 | billy bad beat · age_up castle |
| 14:28 | [o.p.]Oliver_Khan · age_up castle |
| 14:38 | Eugenius · age_up castle |
| 14:38 | Paxihs · age_up castle |
| 14:48 | Eugenius · first_building Castle |
| 14:59 | YYY___YYY · age_up castle |
| 15:17 | Ps0Fa · age_up castle |
| 15:32 | Paxihs · first_market_buy 100 stone |
| 16:20 | [o.p.]Oliver_Khan · first_building Castle |
| 16:32 | vedousa · first_building Monastery |
| 16:50 | Eugenius · first_market_buy 100 food |
| 18:11 | [o.p.]Rage_Boy · age_up castle |
| 18:58 | Ps0Fa · first_market_buy 100 food |
| 19:40 | [o.p.]Rage_Boy · first_building Castle |
| 19:50 | YYY___YYY · first_market_buy 100 wood |
| 20:09 | vedousa · first_market_buy 100 wood |
| 20:22 | Eugenius · first_building Monastery |
| 20:44 | Eugenius · first_building Siege Workshop |
| 20:50 | Paxihs · first_building Siege Workshop |
| 21:07 | Paxihs · wall_segment Stone Wall x4 |
| 21:21 | Paxihs · wall_segment Stone Wall x14 |
| 21:39 | Paxihs · wall_segment Stone Wall x7 |
| 21:55 | [o.p.]Oliver_Khan · first_market_sell 100 food |
| 22:09 | Paxihs · wall_segment Stone Wall x1 |
| 22:12 | Paxihs · wall_segment Stone Wall x8 |
| 22:14 | Paxihs · wall_segment Stone Wall x5 |
| 22:18 | Paxihs · wall_segment Stone Wall x8 |
| 22:40 | [o.p.]Rage_Boy · first_market_buy 100 wood |
| 23:04 | billy bad beat · tribute_sent a jugador 2 |
| 23:04 | billy bad beat · tribute_sent a jugador 3 |
| 23:04 | billy bad beat · tribute_sent a jugador 4 |
| 23:04 | billy bad beat · tribute_sent a jugador 5 |
| 23:04 | billy bad beat · tribute_sent a jugador 6 |
| 23:04 | billy bad beat · tribute_sent a jugador 7 |
| 23:04 | billy bad beat · tribute_sent a jugador 8 |
| 23:22 | [o.p.]Oliver_Khan · first_building Monastery |
| 23:25 | [o.p.]Oliver_Khan · first_building Barracks |
| 23:29 | YYY___YYY · first_building Castle |
| 23:38 | billy bad beat · tribute_sent a jugador 2 |
| 23:38 | billy bad beat · tribute_sent a jugador 3 |
| 23:38 | billy bad beat · tribute_sent a jugador 4 |
| 23:38 | billy bad beat · tribute_sent a jugador 5 |
| 23:38 | billy bad beat · tribute_sent a jugador 6 |
| 23:38 | billy bad beat · tribute_sent a jugador 7 |
| 23:38 | billy bad beat · tribute_sent a jugador 8 |
| 23:48 | Ps0Fa · first_building Barracks |
| 24:16 | [o.p.]Rage_Boy · age_up imperial |
| 24:29 | vedousa · first_building Castle |
| 24:31 | Ps0Fa · first_building Monastery |
| 24:37 | vedousa · first_building Barracks |
| 24:45 | [o.p.]Rage_Boy · first_building Siege Workshop |
| 24:57 | Ps0Fa · first_building Archery Range |
| 25:03 | [o.p.]Oliver_Khan · first_building Stable |
| 25:09 | Paxihs · first_building Barracks |
| 25:24 | YYY___YYY · first_building Barracks |
| 25:47 | Paxihs · first_market_sell 100 food |
| 25:48 | Ps0Fa · first_market_sell 100 food |
| 25:50 | [o.p.]Oliver_Khan · first_building Archery Range |
| 25:55 | Ps0Fa · first_building Castle |
| 25:55 | [o.p.]Rage_Boy · first_market_sell 100 stone |
| 26:18 | YYY___YYY · first_building Stable |
| 26:24 | YYY___YYY · first_market_sell 100 food |
| 26:44 | Paxihs · first_building Castle |
| 26:57 | Eugenius · first_building Barracks |
| 27:09 | billy bad beat · first_market_buy 100 food |
| 27:40 | Eugenius · first_market_sell 100 food |
| 28:07 | Paxihs · wall_segment Stone Wall x1 |
| 28:09 | Paxihs · wall_segment Stone Wall x1 |
| 28:12 | Paxihs · wall_segment Stone Wall x1 |
| 28:13 | Paxihs · wall_segment Stone Wall x1 |
| 28:23 | vedousa · first_building Siege Workshop |
| 28:37 | Ps0Fa · age_up imperial |
| 28:39 | Ps0Fa · first_building Siege Workshop |
| 29:03 | Eugenius · age_up imperial |
| 29:03 | Eugenius · first_building Archery Range |
| 29:39 | Paxihs · age_up imperial |
| 29:43 | YYY___YYY · age_up imperial |
| 30:35 | [o.p.]Oliver_Khan · age_up imperial |
| 32:10 | Paxihs · wall_segment Stone Wall x1 |
| 32:11 | Eugenius · wall_segment Stone Wall x19 |
| 32:11 | Paxihs · wall_segment Stone Wall x1 |
| 32:15 | Ps0Fa · wall_segment Stone Wall x4 |
| 32:20 | [o.p.]Oliver_Khan · first_building Siege Workshop |
| 32:34 | billy bad beat · first_building Monastery |
| 33:06 | Eugenius · wall_segment Stone Wall x8 |
| 33:31 | billy bad beat · wall_segment Stone Wall x1 |
| 33:56 | billy bad beat · first_building Castle |
| 34:04 | Paxihs · wall_segment Stone Wall x1 |
| 35:33 | Eugenius · wall_segment Stone Wall x5 |
| 36:01 | vedousa · tribute_sent a jugador 1 |
| 36:01 | vedousa · tribute_sent a jugador 2 |
| 36:01 | vedousa · tribute_sent a jugador 3 |
| 36:01 | vedousa · tribute_sent a jugador 4 |
| 36:01 | vedousa · tribute_sent a jugador 5 |
| 36:01 | vedousa · tribute_sent a jugador 7 |
| 36:01 | vedousa · tribute_sent a jugador 8 |
| 36:05 | billy bad beat · age_up imperial |
| 36:18 | Eugenius · wall_segment Stone Wall x8 |
| 36:50 | billy bad beat · first_building Archery Range |
| 37:23 | vedousa · first_building Archery Range |
| 38:52 | [o.p.]Rage_Boy · first_building Barracks |
| 40:34 | vedousa · tribute_sent a jugador 1 |
| 40:34 | vedousa · tribute_sent a jugador 2 |
| 40:34 | vedousa · tribute_sent a jugador 3 |
| 40:34 | vedousa · tribute_sent a jugador 4 |
| 40:34 | vedousa · tribute_sent a jugador 5 |
| 40:34 | vedousa · tribute_sent a jugador 7 |
| 40:34 | vedousa · tribute_sent a jugador 8 |
| 40:47 | YYY___YYY · tribute_sent a jugador 1 |
| 40:47 | YYY___YYY · tribute_sent a jugador 2 |
| 40:47 | YYY___YYY · tribute_sent a jugador 3 |
| 40:47 | YYY___YYY · tribute_sent a jugador 4 |
| 40:47 | YYY___YYY · tribute_sent a jugador 5 |
| 40:47 | YYY___YYY · tribute_sent a jugador 6 |
| 40:47 | YYY___YYY · tribute_sent a jugador 7 |
| 40:50 | Ps0Fa · tribute_sent a jugador 1 |
| 40:50 | Ps0Fa · tribute_sent a jugador 3 |
| 40:50 | Ps0Fa · tribute_sent a jugador 4 |
| 40:50 | Ps0Fa · tribute_sent a jugador 5 |
| 40:50 | Ps0Fa · tribute_sent a jugador 6 |
| 40:50 | Ps0Fa · tribute_sent a jugador 7 |
| 40:50 | Ps0Fa · tribute_sent a jugador 8 |
| 42:10 | YYY___YYY · first_building Siege Workshop |
| 44:23 | [o.p.]Oliver_Khan · tribute_sent a jugador 1 |
| 44:23 | [o.p.]Oliver_Khan · tribute_sent a jugador 2 |
| 44:23 | [o.p.]Oliver_Khan · tribute_sent a jugador 4 |
| 44:23 | [o.p.]Oliver_Khan · tribute_sent a jugador 5 |
| 44:23 | [o.p.]Oliver_Khan · tribute_sent a jugador 6 |
| 44:23 | [o.p.]Oliver_Khan · tribute_sent a jugador 7 |
| 44:23 | [o.p.]Oliver_Khan · tribute_sent a jugador 8 |
| 45:42 | YYY___YYY · first_building Monastery |
| 45:49 | billy bad beat · first_market_sell 500 stone |
| 46:02 | billy bad beat · wall_segment Stone Wall x1 |
| 46:04 | billy bad beat · wall_segment Stone Wall x1 |
| 46:47 | billy bad beat · wall_segment Stone Wall x1 |
| 47:50 | YYY___YYY · tribute_sent a jugador 1 |
| 47:50 | YYY___YYY · tribute_sent a jugador 2 |
| 47:50 | YYY___YYY · tribute_sent a jugador 3 |
| 47:50 | YYY___YYY · tribute_sent a jugador 4 |
| 47:50 | YYY___YYY · tribute_sent a jugador 5 |
| 47:50 | YYY___YYY · tribute_sent a jugador 6 |
| 47:50 | YYY___YYY · tribute_sent a jugador 7 |
| 47:53 | vedousa · tribute_sent a jugador 1 |
| 47:53 | vedousa · tribute_sent a jugador 2 |
| 47:53 | vedousa · tribute_sent a jugador 3 |
| 47:53 | vedousa · tribute_sent a jugador 4 |
| 47:53 | vedousa · tribute_sent a jugador 5 |
| 47:53 | vedousa · tribute_sent a jugador 7 |
| 47:53 | vedousa · tribute_sent a jugador 8 |
| 48:24 | vedousa · tribute_sent a jugador 1 |
| 48:24 | vedousa · tribute_sent a jugador 2 |
| 48:24 | vedousa · tribute_sent a jugador 3 |
| 48:24 | vedousa · tribute_sent a jugador 4 |
| 48:24 | vedousa · tribute_sent a jugador 5 |
| 48:24 | vedousa · tribute_sent a jugador 7 |
| 48:24 | vedousa · tribute_sent a jugador 8 |
| 48:56 | billy bad beat · resign |
[ AI ANALYSIS · 1 CREDIT ]
What really happened in this match?
Wolo.gg analyzes every decision: build order, eco, micro, common mistakes by bracket. Personalized analysis on WhatsApp or Discord in 30 seconds.
Civ guide
Teutons
Perfil
Jugador #249783